WCHLSIM.com - West Coast Hockey League
html PUBLIC "-//W3C//DTD XHTML 1.0 Transitional//EN" "http://www.w3.org/TR/xhtml1/DTD/xhtml1-transitional.dtd"> WCHL - Game 604 - OAKLAND GORILLAS vs NORTH DAKOTA HAWKS

OAKLAND GORILLAS vs NORTH DAKOTA HAWKS

Created - 14 janvier 2023 at 12:19

Goals
1 2 3 T
OAKLAND GORILLAS 0 1 1 2
NORTH DAKOTA HAWKS 0 1 2 3
Shots
1 2 3 T
OAKLAND GORILLAS 8 17 6 31
NORTH DAKOTA HAWKS 8 10 12 30

1st period

No Goal

Penalties :
No Penalty

2nd period

1. NORTH DAKOTA HAWKS , Nazem Kadri 20 (Jason Robertson 25, Patrick Kane 15) at 1:13
2. OAKLAND GORILLAS , Nico Hischier 11 (Ryan Hartman 26) at 2:26

Penalties :
Zachary Werenski (OAK) for Holding (Minor) at 5:07

3rd period

3. NORTH DAKOTA HAWKS , Alex Killorn 12 (Cale Makar 29, Jordan Kyrou 16) at 3:05
4. OAKLAND GORILLAS , Conor Garland 11 (Brock Nelson 22, Brock Boeser 16) at 13:18
5. NORTH DAKOTA HAWKS , Nazem Kadri 21 (Jason Robertson 26, Patrick Kane 16) at 17:15

Penalties :
No Penalty

Goalie Stats

James Reimer (OAK), 27 saves from 30 shots - (0,900), L, 20-8-1, 60:00 minutes
Carter Hart (NDH), 29 saves from 31 shots - (0,935), W, 16-6-1, 60:00 minutes

Players Stats for OAKLAND GORILLAS

Player Name              G  A  P  +/- PIM S  H  SB GA TA FO     MP     PP MP  PK MP  
------------------------------------------------------------------------------------
Boone Jenner             0  0  0  -2  0   4  0  1  0  0  13/18  17:14   0:00   0:00 
Brock Boeser             0  1  1   0  0   3  0  0  0  0  0/1    17:55   0:00   0:00 
Brock Nelson             0  1  1   0  0   2  2  0  0  0  16/29  18:01   0:00   0:00 
Calle Jarnkrok           0  0  0   0  0   0  0  0  0  0  0/0     5:30   0:00   0:00 
Cameron York             0  0  0   0  0   0  0  2  0  0  0/0    17:47   0:00   0:44 
Conor Garland            1  0  1   0  0   5  2  0  0  0  0/0    18:52   0:00   0:57 
David Kampf              0  0  0   0  0   0  0  0  0  0  3/4     6:27   0:00   0:57 
Hampus Lindholm          0  0  0   0  0   0  0  1  0  0  0/0    20:21   0:00   0:44 
Jesse Puljujarvi         0  0  0  -2  0   3  0  0  0  0  1/1    18:10   0:00   1:02 
Joel Farabee             0  0  0   0  0   1  1  0  0  0  0/0     5:30   0:00   0:00 
Jonas Siegenthaler       0  0  0   0  0   0  1  3  0  0  0/0    17:47   0:00   0:44 
Martin Fehervary         0  0  0   0  0   0  2  2  0  0  0/0    20:08   0:00   0:31 
Nico Hischier            1  0  1   1  0   4  1  0  0  0  13/20  17:28   0:00   0:00 
Patrik Laine             0  0  0  -2  0   3  2  0  0  0  0/0    17:08   0:00   0:00 
Paul Stastny             0  0  0   1  0   1  0  0  0  0  1/2    18:24   0:00   1:02 
Ryan Hartman             0  1  1   1  0   4  5  0  0  0  0/2    17:22   0:00   0:00 
Tyler Myers              0  0  0  -1  0   0  2  2  0  0  0/0    22:36   0:00   1:15 
Zachary Werenski         0  0  0  -1  2   1  0  3  0  0  0/0    21:20   0:00   0:00 

Players Stats for NORTH DAKOTA HAWKS

Player Name              G  A  P  +/- PIM S  H  SB GA TA FO     MP     PP MP  PK MP  
------------------------------------------------------------------------------------
Alex Killorn             1  0  1   1  0   3  2  0  0  0  0/1    20:45   1:14   0:00 
Cale Makar               0  1  1   1  0   1  1  1  0  0  0/0    22:48   0:45   0:00 
Connor Dewar             0  0  0  -1  0   0  1  1  0  0  2/6     6:57   0:00   0:00 
Dillon Dube              0  0  0  -1  0   1  0  0  0  0  0/0     6:57   0:00   0:00 
Erik Johnson             0  0  0  -1  0   0  1  0  0  0  0/0    16:40   0:34   0:00 
Frank Vatrano            0  0  0   0  0   0  0  0  0  0  0/1    12:49   0:43   0:00 
Jake DeBrusk             0  0  0   0  0   0  0  0  0  0  1/2    12:46   0:40   0:00 
Jason Robertson          0  2  2   1  0   2  1  0  0  0  0/1    20:12   0:45   0:00 
Jordan Kyrou             0  1  1   1  0   4  0  0  0  0  1/4    20:45   1:14   0:00 
Justin Danforth          0  0  0  -1  0   2  0  0  0  0  0/0     6:57   0:00   0:00 
Marc Staal               0  0  0   1  0   0  1  0  0  0  0/0    20:50   0:02   0:00 
Mathew Dumba             0  0  0   1  0   0  2  1  0  0  0/0    21:06   1:14   0:00 
Nazem Kadri              2  0  2   1  0   7  1  1  0  0  13/26  20:12   0:45   0:00 
Nic Dowd                 0  0  0   0  0   2  0  0  0  0  3/9    13:02   0:00   0:00 
Nick Holden              0  0  0  -1  0   0  1  1  0  0  0/0    15:10   0:00   0:00 
Nick Suzuki              0  0  0   1  0   3  2  0  0  0  10/26  20:45   1:14   0:00 
Patrick Kane             0  2  2   1  0   3  0  0  0  0  0/1    19:16   0:45   0:00 
Ryan Lindgren            0  0  0   1  0   2  2  1  0  0  0/0    22:03   0:00   0:00 

3 Stars

1 - Nazem Kadri (NDH)
2 - Alex Killorn (NDH)
3 - Jason Robertson (NDH)

Power Play

OAKLAND GORILLAS - 0 on 0 Attempt(s) - 0,00%
NORTH DAKOTA HAWKS - 0 on 1 Attempt(s) - 0,00%

Penalty Kill

OAKLAND GORILLAS - 1 on 1 Attempt(s) - 100,00% - Score 0 goal in Penalty Kill
NORTH DAKOTA HAWKS - 0 on 0 Attempt(s) - 0,00% - Score 0 goal in Penalty Kill

Team Stat

OAKLAND GORILLAS - Hits : 18 - Faceoff Wins : 47 - Blocked Shots : 14 - Penalty Minutes : 2
NORTH DAKOTA HAWKS - Hits : 15 - Faceoff Wins : 30 - Blocked Shots : 6 - Penalty Minutes : 0

Official

Referees : Mitch Dunning and Tom Chmielewski
Linesman : Matt Brady and Devin Berg

Game Notes

No Game Note

Finance

Level 1 -- Attendance: 5406 (90,10%) -- Ticket Income 919 020 $
Level 2 -- Attendance: 4879 (97,58%) -- Ticket Income 536 690 $
Level 3 -- Attendance: 2000 (100,00%) -- Ticket Income 180 000 $
Level 4 -- Attendance: 4000 (100,00%) -- Ticket Income 240 000 $
Luxury Box -- Attendance: 983 (98,30%) -- Ticket Income 289 985 $
Total Attendance: 17268 (95,93%)
Total Ticket Income: 2 165 695 $
Other Expense: 21 657 $
Total Income: 2 144 038 $

OAKLAND GORILLAS

5 vs 5 Forward 
   Center                   Left Wing                Right Wing               Time % Phy DF OF 
 1 Nico Hischier            Paul Stastny             Ryan Hartman             30     1   2  2  
 2 Brock Nelson             Conor Garland            Brock Boeser             30     1   2  2  
 3 Boone Jenner             Patrik Laine             Jesse Puljujarvi         30     1   2  2  
 4 David Kampf              Joel Farabee             Calle Jarnkrok           10     1   2  2  

5 vs 5 Defense 
   Defense                  Defense                                           Time % Phy DF OF 
 1 Zachary Werenski         Tyler Myers                                       37     1   2  2  
 2 Hampus Lindholm          Martin Fehervary                                  33     1   2  2  
 3 Jonas Siegenthaler       Cameron York                                      30     1   2  2  
 4 Zachary Werenski         Tyler Myers                                       0      1   2  2  

PowerPlay Forward 
   Center                   Left Wing                Right Wing               Time % Phy DF OF 
 1 Nico Hischier            Brock Nelson             Ryan Hartman             50     0   2  3  
 2 Boone Jenner             Patrik Laine             Brock Boeser             50     0   2  3  

PowerPlay Defense
   Defense                  Defense                                           Time % Phy DF OF 
 1 Zachary Werenski         Hampus Lindholm                                   55     1   2  2  
 2 Cameron York             Tyler Myers                                       45     1   2  2  

Penalty Kill 4 Players Forward 
   Center                   Wing                     Time % Phy DF OF 
 1 Paul Stastny             Jesse Puljujarvi         55     1   2  2  
 2 David Kampf              Conor Garland            45     1   2  2  

Penalty Kill 4 Players Defense
   Defense                  Defense                  Time % Phy DF OF 
 1 Zachary Werenski         Tyler Myers              55     1   2  2  
 2 Jonas Siegenthaler       Hampus Lindholm          45     1   2  2  

Penalty Kill - 3 Players Forward 
   Forward                                           Time % Phy DF OF 
 1 Nico Hischier                                     55     1   2  2  
 2 Paul Stastny                                      45     1   2  2  

Penalty Kill - 3 Players Defense
   Defense                  Defense                  Time % Phy DF OF 
 1 Tyler Myers              Zachary Werenski         55     1   2  2  
 2 Hampus Lindholm          Jonas Siegenthaler       45     1   2  2  

4 vs 4 Forward 
   Center                   Wing                     Time % Phy DF OF 
 1 Nico Hischier            Brock Nelson             55     1   2  2  
 2 Boone Jenner             Ryan Hartman             45     1   2  2  

4 vs 4 Defense
   Defense                  Defense                  Time % Phy DF OF 
 1 Zachary Werenski         Tyler Myers              55     1   2  2  
 2 Hampus Lindholm          Martin Fehervary         45     1   2  2  

Last Minutes Offensive
   Center                   Left Wing                Right Wing               Defense                  Defense                  
   Nico Hischier            Brock Nelson             Boone Jenner             Zachary Werenski         Tyler Myers              

Last Minutes Defensive
   Center                   Left Wing                Right Wing               Defense                  Defense                  
   Nico Hischier            Paul Stastny             Conor Garland            Hampus Lindholm          Jonas Siegenthaler       

Goaltenders
Starting : James Reimer             
Backup : Alexandar Georgiev       

Extra Forwards
Normal : Nico Hischier, Brock Nelson, Ryan Hartman - PP : Joel Farabee, Calle Jarnkrok - PK : Conor Garland
Extra Defensemen
Normal : Zachary Werenski, Hampus Lindholm, Tyler Myers - PP : Jonas Siegenthaler - PK : Martin Fehervary, Cameron York
Penalty Shots
Patrik Laine, Brock Nelson, Nico Hischier, Ryan Hartman, Brock Boeser
Custom OT Lines Forwards
Nico Hischier, Brock Nelson, Ryan Hartman, Paul Stastny, Boone Jenner, Brock Boeser, Patrik Laine, Conor Garland, Jesse Puljujarvi, Calle Jarnkrok
Custom OT Lines Defensemen
Zachary Werenski, Tyler Myers, Hampus Lindholm, Martin Fehervary, Cameron York

Scratches
Mason Appleton (Healthy), Nico Sturm (Healthy), Travis Boyd (Healthy)

NORTH DAKOTA HAWKS

5 vs 5 Forward 
   Center                   Left Wing                Right Wing               Time % Phy DF OF 
 1 Nazem Kadri              Jason Robertson          Patrick Kane             34     0   0  5  
 2 Nick Suzuki              Alex Killorn             Jordan Kyrou             32     0   0  5  
 3 Nic Dowd                 Jake DeBrusk             Frank Vatrano            22     0   2  3  
 4 Connor Dewar             Dillon Dube              Justin Danforth          12     0   4  1  

5 vs 5 Defense 
   Defense                  Defense                                           Time % Phy DF OF 
 1 Ryan Lindgren            Cale Makar                                        37     0   2  3  
 2 Marc Staal               Mathew Dumba                                      35     0   5  0  
 3 Nick Holden              Erik Johnson                                      18     0   5  0  
 4 Nick Holden              Erik Johnson                                      10     0   5  0  

PowerPlay Forward 
   Center                   Left Wing                Right Wing               Time % Phy DF OF 
 1 Nazem Kadri              Jason Robertson          Patrick Kane             60     0   0  5  
 2 Nick Suzuki              Alex Killorn             Jordan Kyrou             40     0   0  5  

PowerPlay Defense
   Defense                  Defense                                           Time % Phy DF OF 
 1 Cale Makar               Frank Vatrano                                     60     0   0  5  
 2 Mathew Dumba             Jake DeBrusk                                      40     0   0  5  

Penalty Kill 4 Players Forward 
   Center                   Wing                     Time % Phy DF OF 
 1 Nic Dowd                 Jake DeBrusk             70     0   5  0  
 2 Nazem Kadri              Dillon Dube              30     0   5  0  

Penalty Kill 4 Players Defense
   Defense                  Defense                  Time % Phy DF OF 
 1 Nick Holden              Erik Johnson             70     0   5  0  
 2 Marc Staal               Mathew Dumba             30     0   5  0  

Penalty Kill - 3 Players Forward 
   Forward                                           Time % Phy DF OF 
 1 Nic Dowd                                          70     0   5  0  
 2 Nazem Kadri                                       30     0   5  0  

Penalty Kill - 3 Players Defense
   Defense                  Defense                  Time % Phy DF OF 
 1 Nick Holden              Erik Johnson             70     0   5  0  
 2 Marc Staal               Mathew Dumba             30     0   5  0  

4 vs 4 Forward 
   Center                   Wing                     Time % Phy DF OF 
 1 Nazem Kadri              Jason Robertson          55     0   0  5  
 2 Nick Suzuki              Jordan Kyrou             45     0   0  5  

4 vs 4 Defense
   Defense                  Defense                  Time % Phy DF OF 
 1 Ryan Lindgren            Cale Makar               55     0   1  4  
 2 Nick Holden              Mathew Dumba             45     0   1  4  

Last Minutes Offensive
   Center                   Left Wing                Right Wing               Defense                  Defense                  
   Nazem Kadri              Jason Robertson          Jordan Kyrou             Patrick Kane             Cale Makar               

Last Minutes Defensive
   Center                   Left Wing                Right Wing               Defense                  Defense                  
   Nazem Kadri              Jason Robertson          Nic Dowd                 Ryan Lindgren            Cale Makar               

Goaltenders
Starting : Carter Hart              
Backup : Pavel Francouz           

Extra Forwards
Normal : Dillon Dube, Justin Danforth, Connor Dewar - PP : Dillon Dube, Nic Dowd - PK : Frank Vatrano
Extra Defensemen
Normal : Ryan Lindgren, Marc Staal, Erik Johnson - PP : Erik Johnson - PK : Ryan Lindgren, Cale Makar
Penalty Shots
Nazem Kadri, Jason Robertson, Nick Suzuki, Patrick Kane, Jordan Kyrou
Custom OT Lines Forwards
Nazem Kadri, Patrick Kane, Jason Robertson, Nick Suzuki, Jordan Kyrou, Alex Killorn, Jake DeBrusk, Frank Vatrano, Dillon Dube, Nic Dowd
Custom OT Lines Defensemen
Cale Makar, Mathew Dumba, Erik Johnson, Nick Holden, Ryan Lindgren

Scratches
Connor Clifton (Healthy), Jack Hughes (Back Injury), Josh Manson (Healthy), Reyley Smith (Healthy)

% Time on Ice - OAKLAND GORILLAS

Lines # - Real PCT - Wanted PCT - Time Play
Normal Forward
1 - 30% - 30% - 17:22
2 - 31% - 30% - 17:55
3 - 30% - 30% - 17:08
4 - 9% - 10% - 5:30
Normal Defense
1 - 37% - 37% - 21:15
2 - 34% - 33% - 19:37
3 - 29% - 30% - 17:03
4 - 0% - 0% - 0:00
PP Forward
1 - 0% - 50%
2 - 0% - 50%
PP Defense
1 - 0% - 55%
2 - 0% - 45%
PK Forward
1 - 52% - 55% - 1:02
2 - 48% - 45% - 0:57
PK Defense
1 - 63% - 55% - 1:15
2 - 37% - 45% - 0:44
PK3 Forward
1 - 0% - 55%
2 - 0% - 45%
PK3 Defense
1 - 0% - 55%
2 - 0% - 45%
44 Forward
1 - 0% - 55%
2 - 0% - 45%
44 Defense
1 - 0% - 55%
2 - 0% - 45%
Last Minute Offensive  - 0:06
Last Minute Defensive  - 0:00
Total
Forward - 60:00
Defense - 60:00

% Time on Ice - NORTH DAKOTA HAWKS

Lines # - Real PCT - Wanted PCT - Time Play
Normal Forward
1 - 32% - 34% - 18:31
2 - 34% - 32% - 19:31
3 - 21% - 22% - 12:06
4 - 12% - 12% - 6:57
Normal Defense
1 - 39% - 37% - 22:03
2 - 35% - 35% - 19:52
3 - 17% - 18% - 9:42
4 - 10% - 10% - 5:28
PP Forward
1 - 38% - 60% - 0:45
2 - 62% - 40% - 1:14
PP Defense
1 - 38% - 60% - 0:45
2 - 62% - 40% - 1:14
PK Forward
1 - 0% - 70%
2 - 0% - 30%
PK Defense
1 - 0% - 70%
2 - 0% - 30%
PK3 Forward
1 - 0% - 70%
2 - 0% - 30%
PK3 Defense
1 - 0% - 70%
2 - 0% - 30%
44 Forward
1 - 0% - 55%
2 - 0% - 45%
44 Defense
1 - 0% - 55%
2 - 0% - 45%
Last Minute Offensive  - 0:00
Last Minute Defensive  - 0:56
Total
Forward - 60:00
Defense - 60:00

Play-by-Play

1st period


0:01 of 1st period - Nico Hischier wins face-off versus Nazem Kadri in neutral zone.
0:46 of 1st period - Shot by Nico Hischier.
0:46 of 1st period - Shot Misses the Net.
1:01 of 1st period - Icing by Cale Makar.
1:02 of 1st period - Nazem Kadri wins face-off versus Boone Jenner in NORTH DAKOTA HAWKS zone.
2:44 of 1st period - Icing by Erik Johnson.
2:45 of 1st period - Brock Nelson wins face-off versus Nic Dowd in NORTH DAKOTA HAWKS zone.
2:49 of 1st period - Conor Garland is hit by Erik Johnson and loses puck.
2:52 of 1st period - Shot by Conor Garland.
2:52 of 1st period - Stopped by Carter Hart without a rebound.
2:53 of 1st period - Brock Nelson wins face-off versus Connor Dewar in NORTH DAKOTA HAWKS zone.
2:54 of 1st period - Shot by Brock Boeser.
2:54 of 1st period - Shot Misses the Net.
3:02 of 1st period - Shot by Dillon Dube.
3:02 of 1st period - Stopped by James Reimer without a rebound.
3:03 of 1st period - Brock Nelson wins face-off versus Nick Suzuki in OAKLAND GORILLAS zone.
3:31 of 1st period - Shot by Conor Garland.
3:31 of 1st period - Shot Misses the Net.
3:40 of 1st period - Icing by Mathew Dumba.
3:41 of 1st period - Nick Suzuki wins face-off versus David Kampf in NORTH DAKOTA HAWKS zone.
3:41 of 1st period - Alex Killorn is hit by Joel Farabee and loses puck.
4:46 of 1st period - Icing by Jordan Kyrou.
4:47 of 1st period - Nico Hischier wins face-off versus Nick Suzuki in NORTH DAKOTA HAWKS zone.
4:58 of 1st period - Shot by Ryan Hartman.
4:58 of 1st period - Stopped by Carter Hart without a rebound.
4:59 of 1st period - Nic Dowd wins face-off versus Brock Nelson in NORTH DAKOTA HAWKS zone.
6:04 of 1st period - Shot by Nico Hischier.
6:04 of 1st period - Deflect By Ryan Hartman.
6:04 of 1st period - Stopped by Carter Hart without a rebound.
6:05 of 1st period - Boone Jenner wins face-off versus Nazem Kadri in NORTH DAKOTA HAWKS zone.
6:39 of 1st period - Shot by Patrik Laine.
6:39 of 1st period - Shot Misses the Net.
6:43 of 1st period - Shot by Boone Jenner.
6:43 of 1st period - Stopped by Carter Hart without a rebound.
6:44 of 1st period - Nico Hischier wins face-off versus Connor Dewar in NORTH DAKOTA HAWKS zone.
6:44 of 1st period - Ryan Hartman is hit by Nick Holden and loses puck.
6:55 of 1st period - Shot by Nico Hischier.
6:55 of 1st period - Deflect By Ryan Hartman.
6:55 of 1st period - Shot Misses the Net.
7:15 of 1st period - Shot by Dillon Dube.
7:15 of 1st period - Deflect By Justin Danforth.
7:15 of 1st period - Stopped by James Reimer without a rebound.
7:16 of 1st period - Jake DeBrusk wins face-off versus Brock Nelson in OAKLAND GORILLAS zone.
7:21 of 1st period - Shot by Nic Dowd.
7:21 of 1st period - Stopped by James Reimer without a rebound.
7:22 of 1st period - Brock Nelson wins face-off versus Nazem Kadri in OAKLAND GORILLAS zone.
7:41 of 1st period - Shot by Brock Nelson.
7:41 of 1st period - Shot Misses the Net.
9:25 of 1st period - Shot by Alex Killorn.
9:25 of 1st period - Stopped by James Reimer without a rebound.
9:26 of 1st period - Connor Dewar wins face-off versus Nico Hischier in OAKLAND GORILLAS zone.
9:50 of 1st period - Shot by Nico Hischier.
9:50 of 1st period - Stopped by Carter Hart without a rebound.
9:51 of 1st period - Boone Jenner wins face-off versus Nazem Kadri in NORTH DAKOTA HAWKS zone.
9:52 of 1st period - Shot by Patrik Laine.
9:52 of 1st period - Shot Misses the Net.
9:54 of 1st period - Shot by Boone Jenner.
9:54 of 1st period - Shot Misses the Net.
9:59 of 1st period - Boone Jenner is hit by Marc Staal and loses puck.
10:18 of 1st period - Shot by Boone Jenner.
10:18 of 1st period - Shot Misses the Net.
10:55 of 1st period - Icing by Nick Holden.
10:56 of 1st period - Nico Hischier wins face-off versus Jordan Kyrou in NORTH DAKOTA HAWKS zone.
11:03 of 1st period - Shot by Ryan Hartman.
11:03 of 1st period - Shot Misses the Net.
11:23 of 1st period - Zachary Werenski is hit by Alex Killorn and loses puck.
13:30 of 1st period - Shot by Justin Danforth.
13:30 of 1st period - Stopped by James Reimer with a rebound.
13:32 of 1st period - Shot by Dillon Dube.
13:32 of 1st period - Shot Misses the Net.
13:34 of 1st period - Shot by Nick Holden.
13:34 of 1st period - Shot Misses the Net.
13:40 of 1st period - Shot by Justin Danforth.
13:40 of 1st period - Shot Misses the Net.
14:28 of 1st period - Shot by Nico Hischier.
14:28 of 1st period - Shot Misses the Net.
14:30 of 1st period - Shot by Paul Stastny.
14:30 of 1st period - Shot Misses the Net.
14:36 of 1st period - Shot by Nico Hischier.
14:36 of 1st period - Shot Blocked by Connor Dewar.
14:44 of 1st period - Shot by Ryan Hartman.
14:44 of 1st period - Stopped by Carter Hart without a rebound.
14:45 of 1st period - Boone Jenner wins face-off versus Nick Suzuki in NORTH DAKOTA HAWKS zone.
14:47 of 1st period - Jesse Puljujarvi is hit by Cale Makar and loses puck.
14:50 of 1st period - Shot by Jesse Puljujarvi.
14:50 of 1st period - Stopped by Carter Hart without a rebound.
14:51 of 1st period - Boone Jenner wins face-off versus Nick Suzuki in NORTH DAKOTA HAWKS zone.
15:05 of 1st period - Ryan Lindgren is hit by Patrik Laine and loses puck.
15:18 of 1st period - Shot by Boone Jenner.
15:18 of 1st period - Shot Misses the Net.
15:51 of 1st period - Boone Jenner is hit by Mathew Dumba and loses puck.
16:01 of 1st period - Nazem Kadri is hit by Tyler Myers and loses puck.
16:07 of 1st period - Shot by Jason Robertson.
16:07 of 1st period - Stopped by James Reimer with a rebound.
16:11 of 1st period - Shot by Patrick Kane.
16:11 of 1st period - Deflect By Nazem Kadri.
16:11 of 1st period - Shot Blocked by Tyler Myers.
16:13 of 1st period - Shot by Jason Robertson.
16:13 of 1st period - Shot Misses the Net.
16:36 of 1st period - Off-side.
16:37 of 1st period - Brock Nelson wins face-off versus Jake DeBrusk in neutral zone.
16:46 of 1st period - Nic Dowd is hit by Conor Garland.
17:00 of 1st period - Shot by Brock Boeser.
17:00 of 1st period - Shot Misses the Net.
17:02 of 1st period - Shot by Conor Garland.
17:02 of 1st period - Shot Misses the Net.
17:04 of 1st period - Shot by Brock Boeser.
17:04 of 1st period - Deflect By Brock Nelson.
17:04 of 1st period - Stopped by Carter Hart without a rebound.
17:05 of 1st period - Nico Hischier wins face-off versus Nick Suzuki in NORTH DAKOTA HAWKS zone.
17:21 of 1st period - Paul Stastny is hit by Nick Suzuki and loses puck.
18:02 of 1st period - Icing by Erik Johnson.
18:03 of 1st period - Nick Suzuki wins face-off versus Boone Jenner in NORTH DAKOTA HAWKS zone.
18:30 of 1st period - Shot by Frank Vatrano.
18:30 of 1st period - Shot Misses the Net.
18:40 of 1st period - Shot by Cale Makar.
18:40 of 1st period - Stopped by James Reimer with a rebound.
18:50 of 1st period - Shot by Jake DeBrusk.
18:50 of 1st period - Shot Misses the Net.
18:52 of 1st period - Shot by Ryan Lindgren.
18:52 of 1st period - Stopped by James Reimer without a rebound.
18:53 of 1st period - Brock Nelson wins face-off versus Nazem Kadri in OAKLAND GORILLAS zone.
19:06 of 1st period - Shot by Nazem Kadri.
19:06 of 1st period - Shot Blocked by Martin Fehervary.
19:09 of 1st period - Jason Robertson is hit by Martin Fehervary and loses puck.
Goals for this period are 0 for OAKLAND GORILLAS vs 0 for NORTH DAKOTA HAWKS.
Shots for this period are 8 for OAKLAND GORILLAS vs 8 for NORTH DAKOTA HAWKS.

2nd period


0:01 of 2nd period - Boone Jenner wins face-off versus Nic Dowd in neutral zone.
0:12 of 2nd period - Shot by Jesse Puljujarvi.
0:12 of 2nd period - Shot Misses the Net.
0:24 of 2nd period - Shot by Jake DeBrusk.
0:24 of 2nd period - Shot Blocked by Tyler Myers.
1:11 of 2nd period - Shot by Jason Robertson.
1:11 of 2nd period - Shot Blocked by Zachary Werenski.
1:13 of 2nd period - Shot by Nazem Kadri.
1:13 of 2nd period - The goal is going for a video replay.
1:13 of 2nd period - The goal is good.
1:13 of 2nd period - Goal by Nazem Kadri - OAKLAND GORILLAS : 0 - NORTH DAKOTA HAWKS : 1.
1:14 of 2nd period - Nick Suzuki wins face-off versus Nico Hischier in neutral zone.
1:14 of 2nd period - Alex Killorn is hit by Ryan Hartman.
1:20 of 2nd period - Shot by Jordan Kyrou.
1:20 of 2nd period - Shot Misses the Net.
1:28 of 2nd period - Shot by Nick Suzuki.
1:28 of 2nd period - Stopped by James Reimer without a rebound.
1:29 of 2nd period - Brock Nelson wins face-off versus Nazem Kadri in OAKLAND GORILLAS zone.
1:29 of 2nd period - Conor Garland is hit by Jason Robertson and loses puck.
1:39 of 2nd period - Icing by Brock Boeser.
1:40 of 2nd period - Nick Suzuki wins face-off versus Brock Nelson in OAKLAND GORILLAS zone.
2:01 of 2nd period - Shot by Conor Garland.
2:01 of 2nd period - Stopped by Carter Hart without a rebound.
2:02 of 2nd period - Nazem Kadri wins face-off versus Ryan Hartman in NORTH DAKOTA HAWKS zone.
2:18 of 2nd period - Shot by Jason Robertson.
2:18 of 2nd period - Shot Misses the Net.
2:26 of 2nd period - Shot by Nico Hischier.
2:26 of 2nd period - Goal by Nico Hischier - OAKLAND GORILLAS : 1 - NORTH DAKOTA HAWKS : 1.
2:27 of 2nd period - Nick Suzuki wins face-off versus Brock Nelson in neutral zone.
2:46 of 2nd period - Shot by Alex Killorn.
2:46 of 2nd period - Shot Blocked by Zachary Werenski.
3:07 of 2nd period - Shot by Nick Suzuki.
3:07 of 2nd period - Stopped by James Reimer without a rebound.
3:08 of 2nd period - Nico Hischier wins face-off versus Patrick Kane in OAKLAND GORILLAS zone.
3:08 of 2nd period - Ryan Hartman is hit by Nazem Kadri and loses puck.
4:22 of 2nd period - Shot by Jesse Puljujarvi.
4:22 of 2nd period - Stopped by Carter Hart with a rebound.
4:30 of 2nd period - Shot by Patrik Laine.
4:30 of 2nd period - Stopped by Carter Hart without a rebound.
4:31 of 2nd period - Brock Nelson wins face-off versus Nic Dowd in NORTH DAKOTA HAWKS zone.
4:41 of 2nd period - Frank Vatrano is hit by Conor Garland and loses puck.
4:56 of 2nd period - Shot by Nic Dowd.
4:56 of 2nd period - Shot Misses the Net.
5:00 of 2nd period - Shot by Frank Vatrano.
5:00 of 2nd period - Shot Misses the Net.
5:02 of 2nd period - Shot by Jake DeBrusk.
5:02 of 2nd period - Shot Misses the Net.
5:07 of 2nd period - Minor Penalty to Zachary Werenski for Holding.
5:08 of 2nd period - Nick Suzuki wins face-off versus Paul Stastny in OAKLAND GORILLAS zone.
8:05 of 2nd period - Ryan Lindgren is hit by Nico Hischier and loses puck.
8:24 of 2nd period - Shot by Nico Hischier.
8:24 of 2nd period - Stopped by Carter Hart with a rebound.
9:12 of 2nd period - Shot by Jordan Kyrou.
9:12 of 2nd period - Shot Blocked by Zachary Werenski.
9:22 of 2nd period - Icing by Nick Suzuki.
9:23 of 2nd period - Brock Nelson wins face-off versus Nick Suzuki in NORTH DAKOTA HAWKS zone.
10:13 of 2nd period - Icing by Brock Boeser.
10:14 of 2nd period - Brock Nelson wins face-off versus Nazem Kadri in OAKLAND GORILLAS zone.
10:58 of 2nd period - Shot by Patrick Kane.
10:58 of 2nd period - Shot Blocked by Cameron York.
11:46 of 2nd period - Shot by Boone Jenner.
11:46 of 2nd period - Shot Blocked by Cale Makar.
11:48 of 2nd period - Shot by Jesse Puljujarvi.
11:48 of 2nd period - Stopped by Carter Hart with a rebound.
11:54 of 2nd period - Shot by Boone Jenner.
11:54 of 2nd period - Stopped by Carter Hart with a rebound.
11:56 of 2nd period - Shot by Jesse Puljujarvi.
11:56 of 2nd period - Deflect By Patrik Laine.
11:56 of 2nd period - Stopped by Carter Hart without a rebound.
11:57 of 2nd period - Brock Nelson wins face-off versus Nick Suzuki in NORTH DAKOTA HAWKS zone.
12:02 of 2nd period - Shot by Brock Nelson.
12:02 of 2nd period - Stopped by Carter Hart without a rebound.
12:03 of 2nd period - Brock Nelson wins face-off versus Alex Killorn in NORTH DAKOTA HAWKS zone.
12:16 of 2nd period - Shot by Brock Boeser.
12:16 of 2nd period - Stopped by Carter Hart with a rebound.
12:18 of 2nd period - Shot by Brock Boeser.
12:18 of 2nd period - Shot Misses the Net.
12:20 of 2nd period - Shot by Brock Boeser.
12:20 of 2nd period - Stopped by Carter Hart with a rebound.
12:22 of 2nd period - Shot by Conor Garland.
12:22 of 2nd period - Shot Misses the Net.
12:24 of 2nd period - Shot by Brock Boeser.
12:24 of 2nd period - Shot Misses the Net.
12:26 of 2nd period - Shot by Conor Garland.
12:26 of 2nd period - Stopped by Carter Hart with a rebound.
12:28 of 2nd period - Shot by Brock Boeser.
12:28 of 2nd period - Shot Misses the Net.
12:40 of 2nd period - Brock Boeser is hit by Mathew Dumba.
13:11 of 2nd period - Ryan Lindgren is hit by Patrik Laine and loses puck.
13:22 of 2nd period - Shot by Patrik Laine.
13:22 of 2nd period - Stopped by Carter Hart without a rebound.
13:23 of 2nd period - Nazem Kadri wins face-off versus Nico Hischier in NORTH DAKOTA HAWKS zone.
13:23 of 2nd period - Nazem Kadri is hit by Ryan Hartman.
13:30 of 2nd period - Patrick Kane is hit by Ryan Hartman and loses puck.
13:39 of 2nd period - Shot by Jason Robertson.
13:39 of 2nd period - Stopped by James Reimer without a rebound.
13:40 of 2nd period - Nic Dowd wins face-off versus Boone Jenner in OAKLAND GORILLAS zone.
14:01 of 2nd period - Icing by Cale Makar.
14:02 of 2nd period - Nic Dowd wins face-off versus Nico Hischier in NORTH DAKOTA HAWKS zone.
14:02 of 2nd period - Nic Dowd is hit by Ryan Hartman.
14:46 of 2nd period - Shot by Nico Hischier.
14:46 of 2nd period - Stopped by Carter Hart without a rebound.
14:47 of 2nd period - Nazem Kadri wins face-off versus Boone Jenner in NORTH DAKOTA HAWKS zone.
15:34 of 2nd period - Shot by Patrick Kane.
15:34 of 2nd period - Stopped by James Reimer with a rebound.
15:41 of 2nd period - Icing by Jesse Puljujarvi.
15:42 of 2nd period - Boone Jenner wins face-off versus Nick Suzuki in OAKLAND GORILLAS zone.
15:44 of 2nd period - Icing by Zachary Werenski.
15:45 of 2nd period - Boone Jenner wins face-off versus Nick Suzuki in OAKLAND GORILLAS zone.
15:45 of 2nd period - Boone Jenner is hit by Alex Killorn.
15:54 of 2nd period - Shot by Jordan Kyrou.
15:54 of 2nd period - Stopped by James Reimer without a rebound.
15:55 of 2nd period - Brock Nelson wins face-off versus Nick Suzuki in OAKLAND GORILLAS zone.
16:10 of 2nd period - Shot by Brock Boeser.
16:10 of 2nd period - Stopped by Carter Hart without a rebound.
16:11 of 2nd period - Nazem Kadri wins face-off versus Ryan Hartman in NORTH DAKOTA HAWKS zone.
16:26 of 2nd period - Shot by Paul Stastny.
16:26 of 2nd period - Stopped by Carter Hart without a rebound.
16:27 of 2nd period - Nick Suzuki wins face-off versus Brock Nelson in NORTH DAKOTA HAWKS zone.
16:53 of 2nd period - Shot by Jordan Kyrou.
16:53 of 2nd period - Stopped by James Reimer without a rebound.
16:54 of 2nd period - Paul Stastny wins face-off versus Nazem Kadri in OAKLAND GORILLAS zone.
17:00 of 2nd period - Off-side.
17:01 of 2nd period - Nico Hischier wins face-off versus Nazem Kadri in neutral zone.
17:14 of 2nd period - Shot by Nazem Kadri.
17:14 of 2nd period - Stopped by James Reimer without a rebound.
17:15 of 2nd period - Brock Nelson wins face-off versus Nick Suzuki in OAKLAND GORILLAS zone.
17:22 of 2nd period - Shot by Zachary Werenski.
17:22 of 2nd period - Shot Blocked by Mathew Dumba.
17:45 of 2nd period - Shot by Jordan Kyrou.
17:45 of 2nd period - Shot Misses the Net.
17:47 of 2nd period - Shot by Alex Killorn.
17:47 of 2nd period - Shot Misses the Net.
17:49 of 2nd period - Shot by Nick Suzuki.
17:49 of 2nd period - Deflect By Jordan Kyrou.
17:49 of 2nd period - Stopped by James Reimer without a rebound.
17:50 of 2nd period - Nico Hischier wins face-off versus Jason Robertson in OAKLAND GORILLAS zone.
18:08 of 2nd period - Shot by Jason Robertson.
18:08 of 2nd period - Shot Blocked by Jonas Siegenthaler.
18:11 of 2nd period - Icing by Jonas Siegenthaler.
18:12 of 2nd period - Nico Hischier wins face-off versus Connor Dewar in OAKLAND GORILLAS zone.
18:12 of 2nd period - Nico Hischier is hit by Connor Dewar.
18:22 of 2nd period - Erik Johnson is hit by Ryan Hartman and loses puck.
18:39 of 2nd period - Shot by Ryan Hartman.
18:39 of 2nd period - Stopped by Carter Hart without a rebound.
18:40 of 2nd period - Boone Jenner wins face-off versus Jordan Kyrou in NORTH DAKOTA HAWKS zone.
18:49 of 2nd period - Shot by Jesse Puljujarvi.
18:49 of 2nd period - Deflect By Patrik Laine.
18:49 of 2nd period - Shot Misses the Net.
19:09 of 2nd period - Shot by Jordan Kyrou.
19:09 of 2nd period - Shot Blocked by Martin Fehervary.
19:11 of 2nd period - Shot by Ryan Lindgren.
19:11 of 2nd period - Stopped by James Reimer without a rebound.
19:12 of 2nd period - Nazem Kadri wins face-off versus Brock Nelson in OAKLAND GORILLAS zone.
19:52 of 2nd period - Shot by Jason Robertson.
19:52 of 2nd period - Shot Misses the Net.
Goals for this period are 1 for OAKLAND GORILLAS vs 1 for NORTH DAKOTA HAWKS.
Shots for this period are 17 for OAKLAND GORILLAS vs 10 for NORTH DAKOTA HAWKS.

3rd period


0:01 of 3rd period - Jesse Puljujarvi wins face-off versus Jordan Kyrou in neutral zone.
0:59 of 3rd period - Icing by Jonas Siegenthaler.
1:00 of 3rd period - Boone Jenner wins face-off versus Nic Dowd in OAKLAND GORILLAS zone.
1:34 of 3rd period - Shot by Jake DeBrusk.
1:34 of 3rd period - Shot Blocked by Hampus Lindholm.
1:36 of 3rd period - Shot by Erik Johnson.
1:36 of 3rd period - Shot Misses the Net.
1:38 of 3rd period - Shot by Nick Holden.
1:38 of 3rd period - Shot Misses the Net.
1:56 of 3rd period - Shot by Nazem Kadri.
1:56 of 3rd period - Stopped by James Reimer without a rebound.
1:57 of 3rd period - Nazem Kadri wins face-off versus Brock Nelson in OAKLAND GORILLAS zone.
3:05 of 3rd period - Shot by Cale Makar.
3:05 of 3rd period - Deflect By Alex Killorn.
3:05 of 3rd period - Goal by Alex Killorn - OAKLAND GORILLAS : 1 - NORTH DAKOTA HAWKS : 2.
3:06 of 3rd period - Nico Hischier wins face-off versus Nick Suzuki in neutral zone.
3:06 of 3rd period - Nico Hischier is hit by Nick Suzuki.
3:14 of 3rd period - Shot by Jordan Kyrou.
3:14 of 3rd period - Shot Misses the Net.
3:48 of 3rd period - Shot by Jordan Kyrou.
3:48 of 3rd period - Stopped by James Reimer with a rebound.
3:50 of 3rd period - Shot by Alex Killorn.
3:50 of 3rd period - Stopped by James Reimer with a rebound.
4:23 of 3rd period - Icing by Ryan Hartman.
4:24 of 3rd period - Nico Hischier wins face-off versus Connor Dewar in OAKLAND GORILLAS zone.
4:44 of 3rd period - Mathew Dumba is hit by Tyler Myers and loses puck.
5:39 of 3rd period - Shot by Jason Robertson.
5:39 of 3rd period - Shot Blocked by Jonas Siegenthaler.
5:47 of 3rd period - Shot by Brock Boeser.
5:47 of 3rd period - Shot Hit the Post.
5:49 of 3rd period - Shot by Conor Garland.
5:49 of 3rd period - Stopped by Carter Hart without a rebound.
5:50 of 3rd period - David Kampf wins face-off versus Nick Suzuki in NORTH DAKOTA HAWKS zone.
6:04 of 3rd period - Shot by Nick Suzuki.
6:04 of 3rd period - Stopped by James Reimer without a rebound.
6:05 of 3rd period - Nazem Kadri wins face-off versus Brock Nelson in OAKLAND GORILLAS zone.
6:18 of 3rd period - Shot by Jason Robertson.
6:18 of 3rd period - Shot Misses the Net.
6:20 of 3rd period - Shot by Nazem Kadri.
6:20 of 3rd period - Stopped by James Reimer without a rebound.
6:21 of 3rd period - David Kampf wins face-off versus Frank Vatrano in OAKLAND GORILLAS zone.
6:46 of 3rd period - Shot by Joel Farabee.
6:46 of 3rd period - Stopped by Carter Hart without a rebound.
6:47 of 3rd period - Brock Nelson wins face-off versus Nazem Kadri in NORTH DAKOTA HAWKS zone.
7:04 of 3rd period - Shot by Brock Boeser.
7:04 of 3rd period - Shot Blocked by Ryan Lindgren.
7:10 of 3rd period - Shot by Brock Boeser.
7:10 of 3rd period - Shot Blocked by Nazem Kadri.
7:57 of 3rd period - Shot by Nick Suzuki.
7:57 of 3rd period - Shot Blocked by Cameron York.
8:43 of 3rd period - Nick Suzuki is hit by Martin Fehervary and loses puck.
9:03 of 3rd period - Shot by Ryan Hartman.
9:03 of 3rd period - Shot Misses the Net.
9:54 of 3rd period - Icing by Zachary Werenski.
9:55 of 3rd period - David Kampf wins face-off versus Nic Dowd in OAKLAND GORILLAS zone.
10:18 of 3rd period - Shot by Zachary Werenski.
10:18 of 3rd period - Shot Misses the Net.
10:38 of 3rd period - Frank Vatrano is hit by Brock Nelson.
10:52 of 3rd period - Shot by Brock Nelson.
10:52 of 3rd period - Shot Misses the Net.
11:17 of 3rd period - Icing by Jake DeBrusk.
11:18 of 3rd period - Boone Jenner wins face-off versus Nic Dowd in NORTH DAKOTA HAWKS zone.
12:05 of 3rd period - Shot by Boone Jenner.
12:05 of 3rd period - Stopped by Carter Hart without a rebound.
12:06 of 3rd period - Connor Dewar wins face-off versus Nico Hischier in NORTH DAKOTA HAWKS zone.
12:33 of 3rd period - Shot by Nico Hischier.
12:33 of 3rd period - Shot Misses the Net.
12:35 of 3rd period - Shot by Tyler Myers.
12:35 of 3rd period - Shot Misses the Net.
12:37 of 3rd period - Shot by Ryan Hartman.
12:37 of 3rd period - Shot Misses the Net.
12:43 of 3rd period - Shot by Paul Stastny.
12:43 of 3rd period - Shot Misses the Net.
13:16 of 3rd period - Shot by Brock Nelson.
13:16 of 3rd period - Shot Blocked by Nick Holden.
13:18 of 3rd period - Shot by Conor Garland.
13:18 of 3rd period - Goal by Conor Garland - OAKLAND GORILLAS : 2 - NORTH DAKOTA HAWKS : 2.
13:19 of 3rd period - Boone Jenner wins face-off versus Nazem Kadri in neutral zone.
13:30 of 3rd period - Shot by Patrick Kane.
13:30 of 3rd period - Stopped by James Reimer without a rebound.
13:31 of 3rd period - Brock Nelson wins face-off versus Nick Suzuki in OAKLAND GORILLAS zone.
13:53 of 3rd period - Icing by Conor Garland.
13:54 of 3rd period - Nazem Kadri wins face-off versus Brock Nelson in OAKLAND GORILLAS zone.
14:03 of 3rd period - Shot by Nazem Kadri.
14:03 of 3rd period - Stopped by James Reimer without a rebound.
14:04 of 3rd period - Nico Hischier wins face-off versus Nazem Kadri in OAKLAND GORILLAS zone.
15:04 of 3rd period - Shot by Boone Jenner.
15:04 of 3rd period - Stopped by Carter Hart without a rebound.
15:05 of 3rd period - Boone Jenner wins face-off versus Nick Suzuki in NORTH DAKOTA HAWKS zone.
15:05 of 3rd period - Patrik Laine is hit by Ryan Lindgren and loses puck.
15:09 of 3rd period - Icing by Cale Makar.
15:10 of 3rd period - Boone Jenner wins face-off versus Nick Suzuki in NORTH DAKOTA HAWKS zone.
15:17 of 3rd period - Shot by Alex Killorn.
15:17 of 3rd period - Shot Blocked by Boone Jenner.
15:19 of 3rd period - Shot by Cale Makar.
15:19 of 3rd period - Shot Misses the Net.
15:48 of 3rd period - Patrik Laine is hit by Ryan Lindgren and loses puck.
16:30 of 3rd period - Nic Dowd is hit by Jonas Siegenthaler.
16:38 of 3rd period - Shot by Nic Dowd.
16:38 of 3rd period - Stopped by James Reimer without a rebound.
16:39 of 3rd period - Nico Hischier wins face-off versus Nazem Kadri in OAKLAND GORILLAS zone.
16:47 of 3rd period - Icing by Nazem Kadri.
16:48 of 3rd period - Nazem Kadri wins face-off versus Brock Nelson in NORTH DAKOTA HAWKS zone.
16:53 of 3rd period - Shot by Patrick Kane.
16:53 of 3rd period - Stopped by James Reimer without a rebound.
16:54 of 3rd period - Nazem Kadri wins face-off versus Brock Nelson in OAKLAND GORILLAS zone.
17:13 of 3rd period - Shot by Jason Robertson.
17:13 of 3rd period - Shot Blocked by Jonas Siegenthaler.
17:15 of 3rd period - Shot by Nazem Kadri.
17:15 of 3rd period - Goal by Nazem Kadri - OAKLAND GORILLAS : 2 - NORTH DAKOTA HAWKS : 3.
17:16 of 3rd period - Jordan Kyrou wins face-off versus Nico Hischier in neutral zone.
17:25 of 3rd period - Shot by Zachary Werenski.
17:25 of 3rd period - Stopped by Carter Hart with a rebound.
18:18 of 3rd period - Icing by Ryan Lindgren.
18:19 of 3rd period - Nick Suzuki wins face-off versus Boone Jenner in NORTH DAKOTA HAWKS zone.
18:41 of 3rd period - Icing by Cale Makar.
18:42 of 3rd period - Nick Suzuki wins face-off versus Brock Nelson in NORTH DAKOTA HAWKS zone.
18:44 of 3rd period - Icing by Jordan Kyrou.
18:45 of 3rd period - Nick Suzuki wins face-off versus Brock Boeser in NORTH DAKOTA HAWKS zone.
19:03 of 3rd period - Icing by Conor Garland.
19:04 of 3rd period - Nazem Kadri wins face-off versus Brock Nelson in OAKLAND GORILLAS zone.
19:25 of 3rd period - Shot by Nazem Kadri.
19:25 of 3rd period - Stopped by James Reimer with a rebound.
19:53 of 3rd period - Icing by Jason Robertson.
19:54 of 3rd period - Nazem Kadri wins face-off versus Nico Hischier in NORTH DAKOTA HAWKS zone.
19:54 of 3rd period - Nazem Kadri is hit by Brock Nelson.
Goals for this period are 1 for OAKLAND GORILLAS vs 2 for NORTH DAKOTA HAWKS.
Shots for this period are 6 for OAKLAND GORILLAS vs 12 for NORTH DAKOTA HAWKS.


NATHAN
MACKINNON
PHILLIP
DANAULT
CONNOR
MCDAVID

EAST COAST

HOCKEY LEAGUE

  • 25.QUE4CHI5
  • 26.CHA2LIM3
  • 27.TRV2LON3
  • 28.CHW4BAL2
  • 29.PITMAN
  • 30.ATLNHW
  • 31.WORPET
  • 32.RHI